 Dungeon Crawl Stone Soup version 0.21.1-1-g345015fe64 (webtiles) character file.

62749 JOKERXD40 the Executioner (level 14, 0/133 HPs)
             Began as a Minotaur Berserker on June 26, 2018.
             Was a High Priest of Trog.
             Drowned by a drowned soul (11 damage)
             ... summoned by a merfolk avatar
             ... on level 6 of the Lair of Beasts on July 5, 2018.
             The game lasted 01:08:45 (21350 turns).

JOKERXD40 the Executioner (Minotaur Berserker)     Turns: 21350, Time: 01:08:51

Health: 0/133      AC: 23    Str: 28    XL:     14   Next: 65%
Magic:  13/13      EV: 14    Int:  8    God:    Trog [*****.]
Gold:   1133       SH:  0    Dex: 13    Spells: 13/13 levels left

rFire    + . .     SeeInvis .   k - +8 executioner's axe of Trog's Fury {venom, +Blink rF- Int+4}
rCold    . . .     Gourm    +   (shield currently unavailable)
rNeg     . . .     Faith    .   J - +2 fire dragon scales
rPois    +         Spirit   .   (helmet restricted)
rElec    +         Reflect  .   I - +2 cloak {+Inv}
rCorr    .         Harm     .   M - +2 pair of gloves
MR       +++..                  l - +0 pair of boots
Stlth    +.........             U - amulet of the gourmand
HPRegen  1.32/turn              a - ring of Virtue {rElec rPois Stlth+}
MPRegen  0.13/turn              D - ring "Suog" {rPois rC+ Str+4}

@: silence, regenerating, very slow
A: retaliatory headbutt, horns 2
a: Renounce Religion, Evoke Blink, Evoke Invisibility


You were on level 6 of the Lair of Beasts.
You worshipped Trog.
Trog was extremely pleased with you.
You were very full.

You visited 2 branches of the dungeon, and saw 17 of its levels.
You also visited: Ice Cave.

You collected 1133 gold pieces.

Inventory:

Hand Weapons
 k - the +8 executioner's axe of Trog's Fury (weapon) {venom, +Blink rF- Int+4}
   (Trog gifted it to you on level 11 of the Dungeon)

   It poisons the flesh of those it strikes.
   It affects your intelligence (+4).
   It makes you vulnerable to fire.
   It lets you blink.
Missiles
 s - 2 throwing nets (quivered)
 u - 19 tomahawks
Armour
 l - a +0 pair of boots (worn)
 I - a +2 cloak of invisibility (worn)
 J - +2 fire dragon scales (worn)
 M - a +2 pair of gloves (worn)
 V - the +0 cloak of Dim Light {rElec}
   (You found it on level 1 of the Lair of Beasts)

   It insulates you from electricity.
Jewellery
 a - the ring of Virtue (left hand) {rElec rPois Stlth+}
   (You found it in an ice cave)

   [ring of stealth]

   It insulates you from electricity.
   It protects you from poison.
   It makes you more stealthy.
 j - an uncursed ring of resist corrosion
 x - an uncursed ring of protection from fire
 D - the ring "Suog" (right hand) {rPois rC+ Str+4}
   (You found it on level 6 of the Dungeon)

   [ring of poison resistance]

   It affects your strength (+4).
   It protects you from cold.
   It protects you from poison.
 H - an uncursed ring of protection from fire
 U - an amulet of the gourmand (around neck)
 Y - an uncursed ring of protection from cold
Wands
 d - a wand of flame (60)
 n - a wand of disintegration (7)
 S - a wand of random effects (31)
Scrolls
 e - 2 scrolls of enchant weapon
 f - 2 scrolls of summoning {unknown}
 h - a scroll of torment {unknown}
 i - 3 scrolls of fog {unknown}
 o - 10 scrolls of teleportation
 p - 2 scrolls of magic mapping {unknown}
 q - 6 scrolls of immolation
 t - a scroll of enchant armour {unknown}
 w - 9 scrolls of remove curse
 E - 2 scrolls of holy word {unknown}
 K - 4 scrolls of identify
 L - a scroll of fear {unknown}
 Q - a scroll of random uselessness {unknown}
 W - a scroll of blinking {unknown}
Potions
 b - 2 potions of berserk rage
 g - 6 potions of might
 m - a potion of haste
 r - 4 potions of curing
 A - 2 potions of ambrosia
 B - a potion of cancellation {unknown}
 C - 5 potions of agility
 N - 4 potions of flight
 P - 2 potions of invisibility
 R - 6 potions of lignification
 T - 3 potions of heal wounds {unknown}
 X - a potion of magic
Books
 y - a book of Geomancy

   Spells                             Type                      Level
   a - Sandblast                      Earth                        1
   b - Passwall                       Transmutation/Earth          2
   c - Stone Arrow                    Conjuration/Earth            3
   d - Petrify                        Transmutation/Earth          4
   e - Lee's Rapid Deconstruction     Earth                        5
   Trog disapproves of the use of such an item.
 z - a book of Callings

   Spells                             Type                      Level
   a - Summon Small Mammal            Summoning                    1
   b - Call Imp                       Summoning                    2
   c - Call Canine Familiar           Summoning                    3
   d - Summon Guardian Golem          Hexes/Summoning              3
   e - Summon Lightning Spire         Summoning/Air                4
   f - Summon Ice Beast               Ice/Summoning                4
   Trog disapproves of the use of such an item.
 G - a book of Ice

   Spells                             Type                      Level
   a - Ice Form                       Ice/Transmutation            4
   b - Metabolic Englaciation         Hexes/Ice                    5
   c - Ozocubu's Refrigeration        Ice                          6
   d - Bolt of Cold                   Conjuration/Ice              6
   e - Freezing Cloud                 Conjuration/Ice/Air          6
   f - Simulacrum                     Ice/Necromancy               6
   Trog disapproves of the use of such an item.
 Z - a book of Maledictions

   Spells                             Type                      Level
   a - Corona                         Hexes                        1
   b - Ensorcelled Hibernation        Hexes/Ice                    2
   c - Confuse                        Hexes                        3
   d - Tukima's Dance                 Hexes                        3
   e - Dazzling Spray                 Conjuration/Hexes            3
   Trog disapproves of the use of such an item.
Miscellaneous
 F - a lamp of fire
Comestibles
 c - 17 rations
 v - 13 chunks of flesh


   Skills:
 + Level 14.4 Fighting
 + Level 21.4 Axes
 + Level 12.5 Armour
 + Level 6.5 Dodging
 + Level 2.8 Stealth


You had 13 spell levels left.
You didn't know any spells.

Dungeon Overview and Level Annotations

Branches:
Dungeon (11/15)            Temple (0/1) D:5            Lair (6/6) D:10
  Swamp (0/4) Lair:2       Spider (0/4) Lair:4        Slime (0/5) Lair:6
    Orc (0/2) D:9

Altars:
Cheibriados
Fedhas
Hepliaklqana
Qazlal
Trog
Uskayaw
Wu Jian


Innate Abilities, Weirdness & Mutations

You reflexively headbutt those who attack you in melee.
You have a pair of horns on your head.


Message History

The drowned soul touches you. The drowned soul drowns you!
* * * LOW HITPOINT WARNING * * *
Okay, then.
You're too confused!
You're too confused!
You feel better.
You feel less invigorated.
The pull of its song draws you forwards.
The drowned soul touches you. The drowned soul drowns you!
* * * LOW HITPOINT WARNING * * *
The merfolk avatar chants its luring song.
Okay, then.
Okay, then.
None of your equipped items are cursed.
As you read the scroll of silence, it crumbles to dust.
A profound silence engulfs you.
You can no longer hear the merfolk avatar's singing!
You break out of your daze!
The merfolk avatar's song is interrupted.
The drowned soul touches you. The drowned soul drowns you!
You die...

......≈##≈≈#
.......≈≈≈≈#
.......≈≈≈≈#############
......P##≈≈#8≈≈≈≈≈≈≈≈≈≈.
.......##≈≈#≈≈≈≈≈≈≈≈≈≈≈≈
.......†≈≈≈#≈≈≈≈P≈≈≈≈≈≈≈
......≈≈≈≈≈#≈≈≈≈:$)?P≈#≈
.......##≈≈#≈≈≈≈)≈≈!≈≈≈≈
....."..#≈≈#≈≈≈≈@m≈/≈≈#
.......≈≈≈≈.≈≈#≈!$?)≈≈≈≈
......≈≈≈≈≈#≈≈≈≈≈≈≈≈≈≈≈≈
......≈##≈≈#≈≈≈≈≈≈≈≈≈≈≈≈
......≈##≈≈#.≈≈≈≈P≈≈≈≈≈8
.......≈≈≈≈#####≈≈≈≈####
......≈≈≈≈P# ≈≈≈≈≈≈≈
......≈##≈≈# ≈≈88≈≈≈
......≈.#≈≈# ≈≈≈≈


You could see a merfolk avatar.

Vanquished Creatures
  A frost giant (IceCv)
  The ghost of Scypier the Grappler, a journeyman TrFi of Yredelemnul (Lair:6)
  Fannar (D:10)
  Erolcha (D:9)
  8 hydras
  3 two-headed ogres
  The ghost of mrdizzer the Geomancer, a journeyman GrEE of Vehumet (D:11)
  A centaur warrior (D:8)
  Urug (D:11)
  A vampire mage (D:9)
  2 fire crabs
  A sea snake (Lair:6)
  A harpy (Lair:6)
  Pikel (D:7)
  3 manticores
  3 oklob plants
  A cyclops (D:7)
  6 black mambas
  8 elephants
  An ice statue (IceCv)
  A molten gargoyle (Lair:3)
  14 spiny frogs
  5 rime drakes
  8 komodo dragons
  A jumping spider (Lair:4)
  2 trolls
  15 polar bears (IceCv)
  2 hornets (Lair:6)
  4 dream sheep (Lair:6)
  A wind drake (Lair:6)
  12 blink frogs
  Prince Ribbit (D:7)
  8 hippogriffs
  Sigmund (D:6)
  3 redbacks (Lair:4)
  A fire elemental (Lair:3)
  5 basilisks
  4 wyverns
  69 yaks
  6 vampire mosquitoes (Lair:2)
  Edmund (D:5)
  6 porcupines
  14 water moccasins
  2 ice beasts
  2 orc warriors
  A sky beast (D:7)
  A black bear (D:11)
  12 wolves (IceCv)
  2 phantoms
  8 ogres
  8 centaurs
  13 crocodiles
  A big kobold (D:7)
  16 bullfrogs
  A gnoll sergeant (D:8)
  5 scorpions
  8 wights (D:8)
  4 howler monkeys
  3 electric eels
  10 crimson imps
  A lava snake (Lair:3)
  A bullfrog zombie (D:11)
  A quasit (D:6)
  3 bullfrog skeletons
  2 jellies (Lair:6)
  5 orc priests
  5 hounds
  12 orc wizards
  9 iguanas
  10 worker ants
  A centaur simulacrum (D:7)
  A hound zombie (D:7)
  2 hound skeletons
  A mummy (D:7)
  7 gnolls
  2 howler monkey zombies
  A howler monkey skeleton (D:11)
  14 adders
  A shadow imp (D:8)
  An ooze (D:5)
  3 adder skeletons
  3 worms
  2 dart slugs
  9 leopard geckos
  39 orcs
  4 giant cockroaches
  12 goblins
  12 hobgoblins
  3 jackals (D:5)
  16 kobolds
  5 quokkas
  2 ball pythons
  6 bats
  11 frilled lizards
  2 hobgoblin zombies (D:7)
  A jackal zombie (D:9)
  A kobold zombie (D:7)
  A leopard gecko zombie (D:7)
  16 rats
  A bush (D:10)
  7 plants
563 creatures vanquished.

Vanquished Creatures (collateral kills)
  A centaur warrior (D:11)
1 creature vanquished.

Vanquished Creatures (others)
  2 blink frogs (Lair:6)
  3 yaks
  5 wolves (IceCv)
  A hobgoblin zombie (D:7)
  5 fungi
  12 plants
28 creatures vanquished.

Grand Total: 592 creatures vanquished

Notes
Turn   | Place    | Note
-------+----------+-------------------------------------------
     0 | D:1      | JOKERXD40 the Minotaur Berserker began the quest for the Orb.
     0 | D:1      | Reached XP level 1. HP: 19/19 MP: 0/0
    90 | D:1      | Reached XP level 2. HP: 21/27 MP: 1/1
   104 | D:1      | Reached skill level 4 in Axes
   389 | D:1      | Reached XP level 3. HP: 33/33 MP: 2/2
   465 | D:1      | Reached ** piety under Trog
   573 | D:2      | Found a faded altar of an unknown god.
   775 | D:2      | Noticed a hand axe
   776 | D:2      | Noticed a hand axe
   779 | D:2      | Found a hide-covered altar of Uskayaw.
   791 | D:2      | Reached XP level 4. HP: 38/40 MP: 3/3
   825 | D:2      | Reached skill level 5 in Axes
   927 | D:2      | Found a blossoming altar of Fedhas.
  1311 | D:3      | Reached XP level 5. HP: 47/47 MP: 4/4
  1357 | D:3      | Reached *** piety under Trog
  1954 | D:3      | Reached skill level 5 in Fighting
  2214 | D:4      | Reached skill level 6 in Axes
  2222 | D:4      | Reached XP level 6. HP: 48/56 MP: 5/5
  2486 | D:4      | Reached skill level 7 in Axes
  2688 | D:5      | Entered Level 5 of the Dungeon
  2808 | D:5      | Reached **** piety under Trog
  2812 | D:5      | Reached XP level 7. HP: 49/61 MP: 6/6
  2843 | D:5      | Found a staircase to the Ecumenical Temple.
  2928 | D:5      | Noticed Edmund
  2929 | D:5      | Found a stormy altar of Qazlal.
  2949 | D:5      | Killed Edmund
  2949 | D:5      | Reached skill level 5 in Armour
  3098 | D:5      | Reached skill level 8 in Axes
  3275 | D:6      | Noticed Sigmund
  3289 | D:6      | Killed Sigmund
  3289 | D:6      | Reached XP level 8. HP: 71/71 MP: 7/7
  3395 | D:6      | Got a warped glass ring
  3397 | D:6      | Identified the ring "Suog" {rPois rC+ Str+4} (You found it on level 6 of the Dungeon)
  3457 | D:6      | Reached skill level 9 in Axes
  3727 | D:6      | Reached ***** piety under Trog
  3789 | D:6      | Reached skill level 10 in Axes
  4393 | D:7      | Noticed a troll
  4398 | D:7      | Killed a troll
  4399 | D:7      | Reached XP level 9. HP: 80/80 MP: 8/8
  4455 | D:7      | Reached skill level 11 in Axes
  4689 | D:7      | Noticed a cyclops
  4694 | D:7      | Killed a cyclops
  4779 | D:7      | Noticed Prince Ribbit
  4788 | D:7      | Killed Prince Ribbit
  4854 | D:7      | Reached skill level 12 in Axes
  4862 | D:7      | Noticed Pikel
  4871 | D:7      | Killed Pikel
  5216 | D:7      | Found a snail-covered altar of Cheibriados.
  5249 | D:7      | Found a bloodstained altar of Trog.
  5333 | D:8      | Reached XP level 10. HP: 87/90 MP: 9/9
  5336 | D:8      | Noticed a centaur warrior
  5343 | D:8      | Killed a centaur warrior
  5343 | D:8      | Reached skill level 13 in Axes
  5343 | D:8      | Reached skill level 1 in Stealth
  5457 | D:8      | Noticed a two-headed ogre
  5461 | D:8      | Killed a two-headed ogre
  5520 | D:8      | Found a hazy altar of Hepliaklqana.
  5559 | D:8      | Reached skill level 14 in Axes
  6153 | D:9      | Found a staircase to the Orcish Mines.
  6224 | D:9      | Noticed a two-headed ogre
  6228 | D:9      | Killed a two-headed ogre
  6391 | D:9      | Noticed Erolcha
  6398 | D:9      | Killed Erolcha
  6398 | D:9      | Reached skill level 10 in Fighting
  6398 | D:9      | Reached skill level 15 in Axes
  6398 | D:9      | Reached XP level 11. HP: 99/99 MP: 10/10
  6449 | D:9      | Noticed a vampire mage
  6456 | D:9      | Killed a vampire mage
  6608 | D:9      | Received a gift from Trog
  6937 | D:10     | Entered Level 10 of the Dungeon
  7002 | D:10     | Found a staircase to the Lair.
  7174 | D:10     | Noticed Fannar
  7192 | D:10     | Killed Fannar
  7344 | D:10     | Identified the Handbook of Poisoning
  7726 | D:11     | Noticed a four-headed hydra
  7731 | D:11     | Killed a seven-headed hydra
  7731 | D:11     | Reached skill level 16 in Axes
  7771 | D:11     | Noticed a centaur warrior
  7780 | D:11     | Killed a centaur warrior
  8425 | D:11     | Noticed mrdizzer's ghost (journeyman GrEE)
  8437 | D:11     | Killed mrdizzer's ghost
  8603 | D:11     | Noticed a two-headed ogre
  8607 | D:11     | Killed a two-headed ogre
  8607 | D:11     | Reached skill level 10 in Armour
  9033 | D:11     | Reached XP level 12. HP: 93/110 MP: 11/11
  9034 | D:11     | Reached skill level 17 in Axes
  9058 | D:11     | Noticed Urug
  9071 | D:11     | Killed Urug
  9158 | D:11     | Noticed a five-headed hydra
  9163 | D:11     | Killed a nine-headed hydra
  9163 | D:11     | Received a gift from Trog
  9172 | D:11     | Got an ancient executioner's axe {god gift}
  9173 | D:11     | Identified the +8 executioner's axe of Trog's Fury {venom, +Blink rF- Int+4} (Trog gifted it to you on level 11 of the Dungeon)
  9565 | Lair:1   | Entered Level 1 of the Lair of Beasts
  9767 | Lair:1   | Reached skill level 5 in Dodging
  9819 | Lair:1   | Got a jewelled cloak
  9830 | Lair:1   | Identified the +0 cloak of Dim Light {rElec} (You found it on level 1 of the Lair of Beasts)
  9877 | Lair:1   | Noticed a six-headed hydra
  9886 | Lair:1   | Killed a nine-headed hydra
 10054 | Lair:1   | Reached skill level 18 in Axes
 10375 | Lair:1   | Noticed an eight-headed hydra
 10381 | Lair:1   | Killed a ten-headed hydra
 10759 | Lair:2   | Found a frozen archway.
 10774 | IceCv    | Entered an ice cave
 11119 | IceCv    | Got a clouded glass ring
 11121 | IceCv    | Identified the ring of Virtue {rElec rPois Stlth+} (You found it in an ice cave)
 11160 | IceCv    | Reached XP level 13. HP: 108/118 MP: 12/12
 11714 | IceCv    | Received a gift from Trog
 11785 | IceCv    | Reached skill level 19 in Axes
 12695 | IceCv    | Noticed a frost giant
 12710 | IceCv    | Killed a frost giant
 12731 | IceCv    | Found the +7 longbow "Piercer" {penet, EV-2}
 12770 | IceCv    | Identified Zufug's Papyrus of Execration and Stones
 13384 | Lair:2   | Found a staircase to the Swamp.
 13523 | Lair:2   | Got an ichor-stained broad axe
 13529 | Lair:2   | Identified the cursed +1 broad axe of Untimely Demise {antimagic, MR+ Int+4 Stlth+} (You found it on level 2 of the Lair of Beasts)
 13945 | Lair:3   | Found an ornate altar of the Wu Jian Council.
 14311 | Lair:3   | Reached skill level 20 in Axes
 14781 | Lair:4   | Received a gift from Trog
 15001 | Lair:4   | Found a blossoming altar of Fedhas.
 15176 | Lair:4   | Found a hole to the Spider Nest.
 15327 | Lair:5   | Reached XP level 14. HP: 129/129 MP: 13/13
 19883 | Lair:6   | Entered Level 6 of the Lair of Beasts
 19920 | Lair:6   | Noticed Scypier's ghost (journeyman TrFi)
 20295 | Lair:6   | Killed Scypier's ghost
 20731 | Lair:6   | Reached skill level 21 in Axes
 20735 | Lair:6   | Received a gift from Trog
 21242 | Lair:6   | Found a staircase to the Slime Pits.
 21350 | Lair:6   | Drowned by a drowned soul

Skill      XL: |  1  2  3  4  5  6  7  8  9 10 11 12 13 14 |
---------------+-------------------------------------------+-----
Axes           | 4 5 6 7 8 10 12 15 16 18 20 21 | 21.4
Fighting       | 4 5 6 7 8 10 11 12 13 14 | 14.4
Armour         | 3 4 6 8 10 11 12 | 12.5
Dodging        | 3 4 5 6 |  6.5
Stealth        | 1 2 |  2.8

Action                   |  1- 3 |  4- 6 |  7- 9 | 10-12 | 13-15 || total
-------------------------+-------+-------+-------+-------+-------++-------
Melee: Hand axe          |    75 |   187 |   153 |       |       ||   415
       Headbutt          |    10 |    31 |    53 |    74 |    74 ||   242
       War axe           |       |       |    52 |       |       ||    52
       Battleaxe         |       |       |    31 |   233 |       ||   264
       Executioner's axe |       |       |       |   115 |   347 ||   462
Invok: Berserk           |       |       |     4 |    12 |    11 ||    27
       Trog's Hand       |       |       |       |     3 |     3 ||     6
       Burn Spellbooks   |       |       |       |     1 |     1 ||     2
       Brothers in Arms  |       |       |       |     1 |       ||     1
  Use: Scroll            |       |     1 |     6 |    10 |     4 ||    21
       Potion            |       |       |       |     1 |     7 ||     8
 Stab: Sleeping          |       |       |       |       |     1 ||     1
       Distracted        |       |       |       |       |     1 ||     1
  Eat: Chunk             |       |     5 |    11 |    46 |    20 ||    82
       Ration            |       |       |     1 |       |     8 ||     9
Armor: Animal skin       |     3 |       |       |       |       ||     3
       Ring mail         |    26 |       |       |       |       ||    26
       Plate armour      |     3 |   110 |    97 |       |       ||   210
       Fire dragon scale |       |       |    18 |   207 |   282 ||   507
Dodge: Dodged            |    48 |    55 |    93 |   219 |   288 ||   703
       Deflected         |       |       |     1 |       |       ||     1
